 Dungeon Crawl Stone Soup version 0.28-a0-938-gbc3f381ebc (webtiles) character file.

Game seed: 5368384760371317875

247 olmar the Covered (level 6, 0/39 HPs)
             Began as a Gargoyle Fighter on Nov 28, 2021.
             Slain by Grinder (1 damage)
             ... on level 3 of the Dungeon.
             The game lasted 00:03:11 (2773 turns).

olmar the Covered (Gargoyle Fighter)                Turns: 2773, Time: 00:03:12

Health: 0/39       AC: 16    Str: 22    XL:     6   Next: 11%
Magic:  6/6        EV: 13    Int:  8    God:
Gold:   110        SH:  4    Dex:  9    Spells: 5/5 levels left

rFire   . . .      SeeInvis .   a - +0 flail
rCold   . . .      Faith    .   c - +0 buckler
rNeg    + . .      Spirit   .   b - +0 scale mail
rPois   ∞          Reflect  .   (no helmet)
rElec   +          Harm     .   j - +0 cloak
rCorr   .          Rampage  .   i - +2 pair of gloves
Will    .....                   (no boots)
Stlth   ..........              (no amulet)
HPRegen 0.13/turn               h - +4 ring of evasion
MPRegen 0.10/turn               (no ring)

@: mighty
A: sickness immunity, AC +4, negative energy resistance 1, electricity
resistance, torment resistance 1, petrification resistance
a: no special abilities


You were on level 3 of the Dungeon.
You visited 1 branch of the dungeon, and saw 3 of its levels.

You collected 110 gold pieces.

Inventory:

Hand Weapons
 a - a +0 flail (weapon)
Armour
 b - a +0 scale mail (worn)
 c - a +0 buckler (worn)
 i - a +2 pair of gloves (worn)
 j - a +0 cloak (worn)
Jewellery
 h - a +4 ring of evasion (left hand)
Scrolls
 e - 3 scrolls of identify {unknown}
 f - a scroll of immolation {unknown}
 g - a scroll of enchant weapon {unknown}


   Skills:
 + Level 4.3 Fighting
 + Level 4.2 Maces & Flails
 + Level 4.4 Armour
 + Level 0.6 Stealth
 + Level 4.1 Shields


You had 5 spell levels left.
You didn't know any spells.
Your spell library contained the following spells:

 Spells                   Type           Power      Damage    Failure   Level
 Sting                    Tmut/Pois      0%         1d3       73%         1
 Poisonous Vapours        Pois/Air       0%         N/A       86%         2
 Leda's Liquefaction      Hex/Erth       0%         N/A       100%        4
 Olgreb's Toxic Radiance  Pois           0%         N/A       100%        4
 Lee's Rapid Deconstruct  Erth           0%         3d5*      100%        5
 Statue Form              Tmut/Erth      Unusable   N/A       N/A         6

Dungeon Overview and Level Annotations

Branches:
Dungeon (3/15)

Altars:

Annotations:
D:3 Grinder


Innate Abilities, Weirdness & Mutations

You are immune to sickness and miasma.
Your stone body is resilient. (AC +4)
You are immune to poison.
You resist negative energy. (rN+)
You are resistant to electric shocks. (rElec)
You are resistant to unholy torment.
You are immune to petrification.


Message History

Okay, then.
You feel very mighty all of a sudden. The adder barely misses you.
You completely miss the adder. Grinder hits you.
* * * LOW HITPOINT WARNING * * *
The adder bites you but does no damage.
Unknown command.
You sock Grinder!
Grinder is moderately wounded.
The adder bites you but does no damage.
Grinder blinks!
You block the adder's attack. Grinder gestures at you.
You suddenly lose the ability to move!
The adder bites you but does no damage.
You can move again.
You thump the adder!
You kill the adder!
Unknown command.
Unknown command.
You sock Grinder!
Grinder is severely wounded.
You block Grinder's attack.
Unknown command.
Unknown command.
You barely miss Grinder.
Grinder is severely wounded.
Grinder hits you but does no damage.
Unknown command.
You hit Grinder but do no damage.
Grinder is heavily wounded.
Grinder gestures at you. Pain shoots through your body!
* * * LOW HITPOINT WARNING * * *
Unknown command.
You closely miss Grinder.
Grinder is heavily wounded.
Grinder hits you.
* * * LOW HITPOINT WARNING * * *
You writhe in agony.
You die...

..# # #.# ### .# #.#
#######.#########.######..
.........................#
.......# #######.#######.
###..### ##.<.# ###..
##..# #####..###.....#
#............5....#
#..#######..###@.†.# #.#
#.#...>##...# .. #...####
##.# ### ...# .. ## .. .


You could see Grinder.

Vanquished Creatures
  An ice beast (D:3)
  Natasha (thrice) (D:2)
  4 adders (D:3)
  A worm (D:2)
  2 dart slugs
  An orc (D:3)
  2 endoplasms
  4 goblins
  5 hobgoblins
  A quokka (D:1)
  5 ball pythons
  3 bats
  A frilled lizard (D:2)
  2 kobolds (D:2)
  9 rats
44 creatures vanquished.

Notes
Turn   | Place    | Note
-------+----------+-------------------------------------------
     0 | D:1      | olmar the Gargoyle Fighter began the quest for the Orb.
     0 | D:1      | Reached XP level 1. HP: 14/14 MP: 1/1
   141 | D:1      | Reached XP level 2. HP: 20/20 MP: 2/2
  1010 | D:2      | Noticed Natasha
  1024 | D:2      | Noticed a crimson imp
  1032 | D:1      | HP: 1/20 [hobgoblin (4)]
  1728 | D:2      | Reached XP level 3. HP: 24/24 MP: 3/3
  2038 | D:2      | Killed Natasha
  2043 | D:2      | Noticed Natasha
  2049 | D:2      | Killed Natasha
  2050 | D:2      | Reached XP level 4. HP: 11/29 MP: 4/4
  2417 | D:2      | Noticed Natasha
  2425 | D:2      | Killed Natasha
  2636 | D:3      | Reached XP level 5. HP: 33/33 MP: 5/5
  2696 | D:3      | Noticed an ice beast
  2706 | D:3      | Killed an ice beast
  2707 | D:3      | Reached XP level 6. HP: 39/39 MP: 6/6
  2753 | D:3      | Noticed Grinder
  2753 | D:3      | Paralysed by Grinder for 2 turns
  2766 | D:3      | Paralysed by Grinder for 2 turns
  2773 | D:3      | HP: 1/39 [Grinder (6)]
  2773 | D:3      | Slain by Grinder

Illustrated notes

Levels and vault maps discovered:
D:1:      lightli_arrival_boilingwater, layout_basic
D:2:      layout_basic, kennysheep_cross_room, uniq_natasha
D:3:      cheibrodos_old_hovel, layout_rooms, uniq_grinder, uniq_robin

Skill      XL: |  1  2  3  4  5  6 |
---------------+-------------------+-----
Fighting       | 4 |  4.3
Maces & Flails | 3 4 |  4.2
Armour         | 4 |  4.4
Shields        | 4 |  4.1
Stealth        | |  0.6

Action                   |  1- 3 |  4- 6 || total
-------------------------+-------+-------++-------
Melee: Flail             |   117 |    61 ||   178
  Use: Potion            |     1 |     1 ||     2
Armor: Scale mail        |    54 |    30 ||    84
Dodge: Dodged            |    66 |    39 ||   105
Block: Buckler           |    25 |    10 ||    35

Table legend: (Time is in decaauts)
 A = Elapsed time spent in this place.
 B = Non-inter-level travel time spent in this place.
 C = Inter-level travel time spent in this place.
 D = Time resting spent in this place.
 E = Time spent auto-exploring this place.
 F = Levels seen in this place.
 G = Mean time per level.
                   A        B        C        D        E       F      G
               +--------+--------+--------+--------+--------+-----+--------+
         Total |   2838 |   2673 |    165 |    317 |   1922 |   3 |  946.0 |
       Dungeon |   2838 |   2673 |    165 |    317 |   1922 |   3 |  946.0 |
               +--------+--------+--------+--------+--------+-----+--------+

Top non-repeatable levels by time:
     D:1: 1396 daAuts
     D:2: 1234 daAuts
     D:3: 207 daAuts
